Map: Dusty Gorge

Players

meowmeowcute

  • Race: Protoss Protoss
  • Spawn Location: 11:00

A.I. 1 (Hard) - Winner!

  • Race: Zerg Zerg
  • Spawn Location: 5:00

VOD

Have the link to the VOD?

Description

Time

  • Played on: June 25, 2018, 1:15 p.m.
  • Length: 10:06
Show
View Real Time Build Order
Export as new Build Order

meowmeowcute Protoss 

Build Orders:  

Get SALT Encoding   

  12  0:15  Pylon  
  12  0:17  Probe  
  12  0:26  Probe  
  14  0:36  Gateway  
  14  0:49  Assimilator, Probe  
  15  1:01  Probe  
  16  1:09  Probe  
  16  1:17  Probe  
  18  1:27  Cybernetics Core, Probe  
  19  1:34  Assimilator  
  19  1:39  Probe  
  20  1:43  Zealot  
  20  1:46  Pylon  
  22  2:02  Probe  
  23  2:14  Probe  
  24  2:18  Pylon  
  24  2:21  Zealot  
  26  2:26  Probe  
  27  2:35  Probe  
  27  2:41  Forge, Warp Gate  
  27  2:43  Probe  
  29  2:52  Probe  
  30  3:01  Gateway  
  30  3:04  Probe  
  31  3:08  Stalker  
  33  3:14  Probe  
  34  3:22  Probe  
  35  3:27  Protoss Shields Level 1  
  35  3:31  Probe  
  35  3:39  Sentry  
  38  3:51  Probe  
  39  4:12  Pylon  
  39  4:19  Pylon  
  39  4:20  Stargate  
  35  4:43  Probe  
  36  4:54  Stalker  
  36  4:55  Probe  
  36  4:56  Stalker  
  41  5:07  Probe  
  41  5:10  Pylon  
  41  5:12  Nexus  
  42  5:15  Probe  
  43  5:21  Protoss Ground Armor Level 1  
  43  5:23  Phoenix  
  43  5:24  Probe  
  46  5:37  Probe  
  43  5:45  Stalker x2  
  43  5:48  Phoenix  
  43  5:49  Probe  
  42  6:09  Adept  
  42  6:11  Adept  
  46  6:13  Phoenix  
  41  6:42  Stalker  
  41  6:43  Stalker  
  39  7:08  Zealot  
  34  7:25  Nexus  
  34  7:29  Stalker  
  27  7:53  Gateway  
  27  8:20  Assimilator  
  27  8:28  Zealot  
  29  8:47  Probe  
  28  8:55  Probe  
  28  9:00  Assimilator  
  29  9:05  Probe  
  30  9:14  Zealot  
  30  9:17  Probe  
  23  9:28  Zealot  
  23  9:29  Probe  
  20  9:35  Zealot  
  13  9:48  Stargate  
Show
View Real Time Build Order
Export as new Build Order

A.I. 1 (Hard) Zerg - Winner!

Build Orders: Pool First 

Get SALT Encoding   

  12  0:01  Drone  
  13  0:12  Overlord  
  13  0:17  Drone  
  14  0:30  Drone  
  14  0:32  Drone  
  16  0:43  Spawning Pool  
  16  0:46  Drone  
  17  0:50  Drone  
  17  0:53  Extractor  
  17  0:55  Drone  
  17  1:06  Overlord  
  17  1:31  Queen, Zergling x2  
  20  1:37  Zergling x2  
  20  1:38  Drone  
  20  1:39  Roach Warren  
  21  1:41  Extractor  
  20  1:49  Drone  
  21  2:00  Drone  
  22  2:10  Overlord  
  22  2:21  Drone  
  23  2:32  Roach  
  25  2:38  Drone  
  25  2:39  Roach  
  28  2:44  Roach  
  28  2:45  Overlord  
  30  2:54  Drone  
  30  2:58  Ravager  
  32  3:04  Ravager  
  35  3:05  Roach  
  35  3:10  Drone  
  35  3:11  Roach  
  38  3:13  Overlord  
  38  3:17  Drone  
  39  3:28  Roach  
  39  3:29  Baneling Nest  
  40  3:35  Evolution Chamber  
  40  3:38  Drone  
  40  3:42  Drone  
  40  3:43  Drone  
  40  3:44  Drone  
  43  3:50  Drone  
  44  4:25  Zergling x2  
  44  4:34  Zerg Melee Weapons Level 1  
  44  4:37  Evolution Chamber, Lair  
  43  4:47  Drone  
  44  4:53  Overlord  
  44  5:02  Zerg Ground Armor Level 1  
  44  5:23  Spore Crawler, Drone  
  44  5:30  Spore Crawler, Drone  
  44  5:34  Overseer  
  44  5:35  Burrow  
  44  5:37  Hydralisk Den, Drone  
  44  5:43  Overseer  
  44  5:54  Spine Crawler  
  43  5:58  Spine Crawler  
  43  5:59  Drone  
  43  6:05  Hydralisk  
  43  6:09  Infestation Pit  
  43  6:10  Drone  
  45  6:14  Hydralisk  
  47  6:24  Hydralisk  
  46  6:28  Hatchery  
  46  6:29  Zerg Missile Weapons Level 1  
  46  6:31  Drone  
  46  6:33  Hydralisk  
  48  6:41  Roach  
  48  6:45  Queen  
  50  6:48  Overlord, Overseer  
  50  6:55  Roach  
  50  6:56  Overseer  
  50  7:07  Overlord  
  50  7:17  Spire  
  50  7:20  Roach  
  49  7:23  Roach  
  46  7:41  Queen, Drone  
  46  7:43  Roach, Drone  
  50  7:44  Drone  
  50  7:46  Drone  
  50  7:48  Drone  
  53  7:52  Extractor, Drone  
  53  7:53  Spore Crawler  
  53  7:55  Drone  
  51  7:59  Drone  
  51  8:00  Spore Crawler  
  51  8:02  Drone  
  52  8:05  Drone  
  52  8:08  Ravager  
  52  8:10  Overlord  
  54  8:13  Drone  
  54  8:16  Drone  
  54  8:18  Drone  
  57  8:21  Drone  
  57  8:23  Drone  
  57  8:25  Roach  
  59  8:28  Overlord  
  59  8:30  Roach  
  59  8:45  Overseer  
  59  8:47  Hive  
  58  9:03  Overlord  
  58  9:06  Overseer  
  58  9:21  Extractor  
  55  9:53  Overseer  
  55  10:01  Ultralisk Cavern  
Tags
 
Matchup
PvZ
Opening
Pool First
Spawn Locations
Cross Positions
Add a new tag
Caveats
  • Supply blocks, unpowered buildings, or Contaminate may cause inaccurate times.
  • Supply counts are checked every 10 seconds.